 Dungeon Crawl Stone Soup version 0.30.0-15-g856e2d3f33 (webtiles) character file.

Game seed: 6439900954442704469

820 Orphic the Shield-Bearer (level 7, -1/60 HPs)
             Began as a Gnoll Fighter on May 17, 2023.
             Slain by a kobold
             ... wielding a +0 short sword
              (3 damage)
             ... on level 6 of the Dungeon on May 19, 2023.
             The game lasted 00:32:15 (3190 turns).

Orphic the Shield-Bearer (Gnoll Fighter)            Turns: 3190, Time: 00:32:15

Health: -1/60      AC:  8    Str: 19    XL:     7   Next: 95%
Magic:  11/11      EV: 12    Int: 13    God:
Gold:   237        SH: 12    Dex: 21    Spells: 11/11 levels left

rFire   + . .        n - +4 rapier of the Ninety-Nine Xalams {heavy, rF+ Str-4 Dex+9}
rCold   + . .        c - +0 buckler
rNeg    . . .        d - +2 ring mail {rC+}
rPois   .            (no helmet)
rElec   .            (no cloak)
rCorr   .            (no gloves)
SInv    .            (no boots)
Will    .....        j - amulet of reflection
Stlth   ++           u - +6 ring of intelligence
HPRegen 0.30/turn    C - +6 ring of strength
MPRegen 0.12/turn

%: reflection
@: no status effects
A: fangs 1, strong nose, distributed training
a: no special abilities


You were on level 6 of the Dungeon.
You visited 1 branch of the dungeon, and saw 6 of its levels.

You collected 237 gold pieces.

Inventory:

Hand Weapons
 a - a +0 rapier
 i - a +0 dagger of protection
 m - a +4 war axe
 n - the +4 rapier of the Ninety-Nine Xalams (weapon) {heavy, rF+ Str-4 Dex+9}
   (You found it on level 5 of the Dungeon)

   Str:       It affects your strength (-4).
   Dex:       It affects your dexterity (+9).
   rF:        It protects you from fire.
 x - a +1 short sword of chaos
 y - a +2 whip of chaos
Armour
 b - a +0 scale mail
 c - a +0 buckler (worn)
 d - a +2 ring mail of cold resistance (worn)
 l - a +0 robe
 A - a +2 robe of the Archmagi
Magical Staves
 q - a staff of death
Jewellery
 j - an amulet of reflection (around neck)
 u - a +6 ring of intelligence (left hand)
 C - a +6 ring of strength (right hand)
Scrolls
 f - 3 scrolls of teleportation {unknown}
 h - a scroll of magic mapping {unknown}
 o - 4 scrolls of identify {unknown}
 r - 2 scrolls of vulnerability {unknown}
 s - a scroll of fog {unknown}
 t - a scroll of acquirement {unknown}
 B - a scroll of summoning {unknown}
Potions
 e - 4 potions of curing {unknown}
 g - 3 potions of haste {unknown}
 k - a potion of flight {unknown}
 p - a potion of lignification {unknown}
 v - 3 potions of heal wounds {unknown}
 w - a potion of attraction {unknown}
 z - a potion of berserk rage {unknown}


   Skills:
 + Level 7.2 Fighting
 + Level 5.5 Short Blades
 + Level 2.9 Long Blades
 + Level 2.9 Axes
 + Level 2.9 Maces & Flails
 + Level 2.9 Polearms
 + Level 2.9 Staves
 + Level 2.9 Ranged Weapons
 + Level 2.9 Throwing
 + Level 7.2 Armour
 + Level 2.9 Dodging
 + Level 2.9 Stealth
 + Level 7.2 Shields
 + Level 2.9 Unarmed Combat
 + Level 2.9 Spellcasting
 + Level 2.3 Conjurations
 + Level 2.3 Hexes
 + Level 2.3 Summonings
 + Level 2.3 Necromancy
 + Level 2.3 Translocations
 + Level 2.3 Transmutations
 + Level 2.3 Fire Magic
 + Level 2.3 Ice Magic
 + Level 2.3 Air Magic
 + Level 2.3 Earth Magic
 + Level 2.3 Poison Magic
 + Level 3.2 Invocations
 + Level 2.9 Evocations


You had 11 spell levels left.
You didn't know any spells.
Your spell library was empty.

Dungeon Overview and Level Annotations

Branches:
Dungeon (6/15)
 Temple: D:4-7

Altars:
Dithmenos
Fedhas
Qazlal
Xom

Shops:
D:3 :   D:4 =

Portals:
Sewer: D:4


Innate Abilities, Weirdness & Mutations

You have very sharp teeth.
Your uncanny sense of smell can sniff out nearby items.
Your experience applies equally to all skills.


Message History

The bullfrog barely misses you.
The kobold hits you with a +0 short sword.
You block the kobold's attack. The bullfrog hits you.
* * * LOW HITPOINT WARNING * * *
The kobold brigand hits you with a +0 short sword.
* * * LOW HITPOINT WARNING * * *
You impale the kobold brigand!!
You kill the kobold brigand!
The bullfrog closely misses you.
The kobold hits you with a +0 short sword.
* * * LOW HITPOINT WARNING * * *
You block the kobold's attack. You block the bullfrog's attack.
The bullfrog attacks as you move away! The bullfrog hits you.
* * * LOW HITPOINT WARNING * * *
You block the kobold's attack. x2
Items here: ( )) †.
You hit the kobold but do no damage. The bullfrog closely misses you.
You block the kobold's attack. x2; The bullfrog hits you.
* * * LOW HITPOINT WARNING * * *
You block the kobold's attack. The bullfrog closely misses you.
The kobold hits you with a +0 short sword.
* * * LOW HITPOINT WARNING * * *
You puncture the kobold!
You kill the kobold!
The bullfrog hits you.
* * * LOW HITPOINT WARNING * * *
You block the kobold's attack.
The bullfrog hits you but does no damage.
You hit the kobold. You bite the kobold, but do no damage.
The kobold is moderately wounded.
You block the bullfrog's attack. You block the kobold's attack.
The bullfrog swells and bulges.
The bullfrog hits you.
* * * LOW HITPOINT WARNING * * *
You block the kobold's attack.
You closely miss the kobold.
The kobold is moderately wounded.
You block the bullfrog's attack. x2
The kobold hits you with a +0 short sword.
You die...

#....####.
##>#......
#..#..#### #..#..#
#..#.?#
########+#..#..#
#..........<...####
#.))...............
#.@F).........####.
#.K)..........#
.................#
..................#
#..................#
#..................#
######.............#
#######.#####.# ∆


You could see a bullfrog and a kobold.

Vanquished Creatures
  Sigmund (D:5)
  2 ogres
  2 kobold brigands
  A scorpion (D:4)
  3 hounds (D:5)
  A jelly (D:5)
  2 iguanas (D:5)
  An adder (D:3)
  A gnoll (D:5)
  A river rat (D:4)
  A white imp (D:5)
  A worm (D:3)
  3 dart slugs
  6 orcs
  8 ball pythons
  4 bats
  3 endoplasms
  2 giant cockroaches
  7 goblins
  3 hobgoblins
  5 jackals
  12 kobolds
  6 quokkas
  A frilled lizard (D:1)
  5 rats
82 creatures vanquished.

Notes
Turn   | Place    | Note
-------+----------+-------------------------------------------
     0 | D:1      | Orphic the Gnoll Fighter began the quest for the Orb.
     0 | D:1      | Reached XP level 1. HP: 23/23 MP: 1/1
   147 | D:1      | Reached XP level 2. HP: 29/29 MP: 2/2
   647 | D:2      | Reached XP level 3. HP: 32/35 MP: 3/3
   831 | D:2      | Reached skill level 1 in Invocations
  1120 | D:3      | Reached skill level 1 in Long Blades
  1120 | D:3      | Reached skill level 1 in Axes
  1120 | D:3      | Reached skill level 1 in Maces & Flails
  1120 | D:3      | Reached skill level 1 in Polearms
  1120 | D:3      | Reached skill level 1 in Staves
  1120 | D:3      | Reached skill level 1 in Ranged Weapons
  1120 | D:3      | Reached skill level 1 in Throwing
  1120 | D:3      | Reached skill level 1 in Dodging
  1120 | D:3      | Reached skill level 1 in Stealth
  1120 | D:3      | Reached skill level 1 in Unarmed Combat
  1120 | D:3      | Reached skill level 1 in Spellcasting
  1120 | D:3      | Reached skill level 1 in Evocations
  1231 | D:3      | Found a stormy altar of Qazlal.
  1252 | D:3      | Found a shadowy altar of Dithmenos.
  1452 | D:3      | Found Hockesef's Vocational Training.
  1500 | D:3      | Reached XP level 4. HP: 41/41 MP: 5/5
  1503 | D:3      | Found a faded altar of an unknown god.
  1629 | D:4      | Noticed a kobold brigand
  1629 | D:4      | Found Neasores's Jewellery Shop.
  1642 | D:4      | Killed a kobold brigand
  1643 | D:4      | Reached skill level 1 in Conjurations
  1643 | D:4      | Reached skill level 1 in Hexes
  1643 | D:4      | Reached skill level 1 in Summonings
  1643 | D:4      | Reached skill level 1 in Necromancy
  1643 | D:4      | Reached skill level 1 in Translocations
  1643 | D:4      | Reached skill level 1 in Transmutations
  1643 | D:4      | Reached skill level 1 in Fire Magic
  1643 | D:4      | Reached skill level 1 in Ice Magic
  1643 | D:4      | Reached skill level 1 in Air Magic
  1643 | D:4      | Reached skill level 1 in Earth Magic
  1643 | D:4      | Reached skill level 1 in Poison Magic
  1643 | D:4      | Reached XP level 5. HP: 41/47 MP: 5/7
  1797 | D:4      | Found a glowing drain.
  2066 | D:4      | Found a large runed translucent door.
  2066 | D:4      | Found a large runed translucent door.
  2072 | D:4      | Found a shimmering altar of Xom.
  2147 | D:5      | Entered Level 5 of the Dungeon
  2181 | D:5      | Reached XP level 6. HP: 44/53 MP: 8/8
  2201 | D:5      | Noticed Sigmund
  2239 | D:5      | Killed Sigmund
  2240 | D:5      | Reached skill level 5 in Short Blades
  2276 | D:5      | Reached XP level 7. HP: 21/60 MP: 10/10
  2376 | D:5      | Identified the +4 rapier of the Ninety-Nine Xalams {heavy,
                  | rF+ Str-4 Dex+9}
  2474 | D:5      | Upgraded the game from 0.30.0-13-g156ef70053 to
                  | 0.30.0-15-g856e2d3f33
  2574 | D:5      | Found a blossoming altar of Fedhas.
  3188 | D:6      | HP: 2/60 [bullfrog (4)]
  3190 | D:6      | Slain by a kobold

Illustrated notes

Levels and vault maps discovered:
D:1:      mainiacjoe_arrival_reflecting_pool, layout_basic, serial_shops,
          nicolae_shop_hallway_stairs
D:2:      layout_basic
D:3:      layout_rooms, mainiacjoe_overflow_alcove_2, nicolae_overflow_squiral,
          mainiacjoe_overflow_alcove_1, hellmonk_ecumenical_altar_prayer_group,
          st_stairs_3, minmay_crystal_water, nicolae_shop_vocational
D:4:      due_chaos_kobolds, layout_loops_ring, cheibrodos_sewer_entry_sluice,
          serial_shops, nicolae_shop_dealshenge, chequers_serial_rivers_micro_e,
          minmay_misc_feat_rows, minivault_11, st_stairs_8,
          nicolae_stop_n_shop_1
D:5:      layout_gridville, mainiacjoe_overflow_brackets, cheibrodos_gnoll_hut,
          uniq_sigmund
D:6:      layout_basic, marbit_many_paths, minmay_holes, uniq_edmund

Skill      XL: |  1  2  3  4  5  6  7 |
---------------+----------------------+-----
Invocations    | 1 2 3 |  3.2
Long Blades    | 1 2 |  2.9
Axes           | 1 2 |  2.9
Maces & Flails | 1 2 |  2.9
Polearms       | 1 2 |  2.9
Staves         | 1 2 |  2.9
Ranged Weapons | 1 2 |  2.9
Throwing       | 1 2 |  2.9
Dodging        | 1 2 |  2.9
Stealth        | 1 2 |  2.9
Unarmed Combat | 1 2 |  2.9
Spellcasting   | 1 2 |  2.9
Evocations     | 1 2 |  2.9
Conjurations   | 1 2 |  2.3
Hexes          | 1 2 |  2.3
Summonings     | 1 2 |  2.3
Necromancy     | 1 2 |  2.3
Translocations | 1 2 |  2.3
Transmutations | 1 2 |  2.3
Fire Magic     | 1 2 |  2.3
Ice Magic      | 1 2 |  2.3
Air Magic      | 1 2 |  2.3
Earth Magic    | 1 2 |  2.3
Poison Magic   | 1 2 |  2.3
Short Blades   | 5 |  5.5
Fighting       | 7 |  7.2
Armour         | 7 |  7.2
Shields        | 7 |  7.2

Action                     |  1- 3 |  4- 6 |  7- 9 || total
---------------------------+-------+-------+-------++-------
  Melee: Rapier            |    38 |       |    36 ||    74
         Bite              |     7 |     5 |     2 ||    14
         War axe           |    66 |    68 |     7 ||   141
    Use: Potion            |     1 |     1 |       ||     2
         Scroll            |     1 |       |       ||     1
 Armour: Scale mail        |    26 |       |       ||    26
         Ring mail         |    35 |    22 |    22 ||    79
  Dodge: Dodged            |    40 |    28 |    52 ||   120
  Block: Buckler           |    56 |    65 |    58 ||   179
         Reflection        |       |     2 |       ||     2
